 Dungeon Crawl Stone Soup version 0.22.1-5-g62c59d9 (webtiles) character file.

22 infcreate the Grave Robber (level 2, 0/19 HPs)
             Began as a Demonspawn Necromancer on Jan 11, 2019.
             Slain by Sigmund
             ... wielding a +2 scythe of protection
              (2 damage)
             ... on level 2 of the Dungeon.
             The game lasted 00:09:48 (999 turns).

infcreate the Grave Robber (Demonspawn Necromancer)  Turns: 999, Time: 00:09:49

Health: 0/19       AC:  3    Str:  8    XL:     2   Next: 68%
Magic:  2/5        EV: 12    Int: 16    God:
Gold:   22         SH:  0    Dex: 13    Spells: 3/5 levels left

rFire    . . .     SeeInvis .   (no weapon)
rCold    . . .     Gourm    .   (no shield)
rNeg     . . .     Faith    .   a - +0 robe
rPois    .         Spirit   .   (no helmet)
rElec    .         Reflect  .   (no cloak)
rCorr    .         Harm     .   (no gloves)
MR       .....                  b - +0 pair of boots
Stlth    +.........             (no amulet)
HPRegen  0.06/turn              (no ring)
MPRegen  0.09/turn              (no ring)

@: confused
A: talons 1
a: no special abilities


You were on level 2 of the Dungeon.
You were hungry.

You visited 1 branch of the dungeon, and saw 2 of its levels.

You collected 22 gold pieces.

Inventory:

Armour
 a - a +0 robe (worn)
 b - a +0 pair of boots (worn)
Jewellery
 n - an uncursed amulet of faith
Scrolls
 h - a scroll of blinking {unknown}
 j - a scroll of teleportation
 m - a scroll of remove curse {unknown}
Potions
 d - a potion of haste {unknown}
 e - a potion of lignification {unknown}
 f - a potion of resistance {unknown}
 g - a potion of curing {unknown}
 i - 3 potions of heal wounds {unknown}
 l - a potion of magic {unknown}
Comestibles
 c - 3 rations


   Skills:
 + Level 1.7 Dodging
 + Level 1.8 Stealth
 + Level 2.2 Spellcasting
 + Level 5.1 Necromancy


You had 3 spell levels left.
You knew the following spells:

 Your Spells              Type           Power        Failure   Level  Hunger
a - Pain                  Necr           ###.         2%          1    #......
b - Animate Skeleton      Necr           N/A          2%          1    #......

Your spell library contained the following spells:

 Spells                   Type           Power        Failure   Level  Hunger
 Vampiric Draining        Necr           ###.......   8%          3    ###....
 Regeneration             Chrm/Necr      #.........   22%         3    ###....
 Animate Dead             Necr           N/A          24%         4    #####..


Dungeon Overview and Level Annotations

Branches:
Dungeon (2/15)

Altars:

Annotations:
D:2 Sigmund


Innate Abilities, Weirdness & Mutations

You have sharp toenails.


Message History

Aiming: Pain (safe; 2% risk of failure)
Press: ? - help, Shift-Dir - straight line, f/p - Sigmund
Aim: Sigmund, wielding a scythe of protection and wearing a robe (chance to Sigmund writhes in agony!
A worm comes into view.
Sigmund gestures wildly while chanting.
Sigmund flickers and vanishes!
Deactivating autopickup; reactivate with Ctrl-A.
You are confused.
You bump into the rock wall.
You bump into the rock wall.
Something completely misses you.
You feel less confused. The worm bites you!
* * * LOW HITPOINT WARNING * * *
You hear some strange, mumbled words.
You are confused.
You bump into the rock wall.
The worm barely misses you.
You bump into the rock wall.
Something hits you.
You die...

##################
#.................
#.################
###### #.# #....# #.#
#....#######@#
#.........{.w####
..........####......#
....##.##.# #.####.#
... #.##.# #.# # ..
#.##.# ... . #.##.#
##.# #.##.# ...
...... ...


You could see a worm.

Vanquished Creatures
  2 leopard geckos (D:1)
  4 goblins (D:1)
  3 hobgoblins (D:1)
  3 bats
  2 frilled lizards (D:1)
  2 kobolds (D:1)
  3 rats (D:1)
19 creatures vanquished.

Notes
Turn   | Place    | Note
-------+----------+-------------------------------------------
     0 | D:1      | infcreate the Demonspawn Necromancer began the quest for
                  | the Orb.
     0 | D:1      | Reached XP level 1. HP: 13/13 MP: 3/3
     4 | D:1      | Learned a level 1 spell: Animate Skeleton
   157 | D:1      | Gained mutation: You have sharp toenails. [demonic
                  | ancestry]
   157 | D:1      | Reached XP level 2. HP: 10/19 MP: 0/5
   412 | D:1      | Reached skill level 5 in Necromancy
   979 | D:2      | Noticed Sigmund
   999 | D:2      | Slain by Sigmund

Skill      XL: |  1  2 |
---------------+-------+-----
Necromancy     | 5 |  5.1
Dodging        | |  1.7
Stealth        | |  1.8
Spellcasting   | |  2.2

Action                   || total
-------------------------++-------
 Cast: Pain              ||    36
       Animate Skeleton  ||     1
  Use: Scroll            ||     4
Armor: Robe              ||     4
Dodge: Dodged            ||     6
